Map: Nightshade LE

Players

BerryRAWR - Winner!

  • Race: Terran Terran
  • League: Master
  • Spawn Location: 11:00

Graphix

  • Race: Zerg Zerg
  • League: Grandmaster
  • Spawn Location: 5:00

VOD

Have the link to the VOD?

Description

Time

  • Played on: April 29, 2020, 12:59 a.m.
  • Length: 22:44
Show
View Real Time Build Order
Export as new Build Order

BerryRAWR Terran - Winner!

Build Orders: Gas First Reaper Expand, Liberator Opening 

Get SALT Encoding   

  12  0:01  SCV  
  13  0:13  SCV  
  14  0:19  Supply Depot  
  14  0:25  SCV  
  15  0:34  Refinery  
  15  0:40  SCV  
  16  0:46  Barracks  
  16  0:52  SCV  
  17  1:04  SCV  
  18  1:17  SCV  
  19  1:33  Reaper, Orbital Command  
  20  1:45  Command Center  
  20  1:58  Factory  
  20  2:00  SCV  
  21  2:12  SCV  
  22  2:15  Supply Depot  
  22  2:16  Barracks Reactor  
  22  2:20  Refinery  
  22  2:24  SCV  
  23  2:37  SCV  
  23  2:49  SCV  
  24  2:52  Starport  
  24  2:58  Hellion x2, Orbital Command  
  28  3:01  Marine  
  29  3:06  SCV  
  30  3:19  Hellion x2  
  34  3:24  SCV x2  
  36  3:33  Supply Depot, Liberator  
  39  3:36  SCV x2  
  39  3:40  Hellion  
  43  3:43  Hellion  
  45  3:51  SCV  
  45  3:55  SCV  
  47  3:58  Supply Depot  
  47  4:02  Hellion  
  49  4:04  Hellion  
  49  4:05  SCV  
  52  4:16  Supply Depot  
  52  4:17  Command Center  
  52  4:18  SCV x2  
  52  4:23  Liberator  
  57  4:30  SCV x2  
  59  4:32  Hellion  
  59  4:38  Hellion  
  63  4:42  SCV, Supply Depot  
  64  4:46  SCV  
  64  4:52  Refinery  
  65  4:55  Refinery  
  65  5:05  Hellion x2  
  63  5:16  SCV x2  
  65  5:26  Hellion  
  65  5:27  Hellion  
  65  5:28  SCV  
  68  5:32  Factory  
  68  5:33  Factory  
  68  5:34  Orbital Command  
  60  5:45  SCV  
  60  5:48  Hellion x2  
  60  5:49  Armory  
  65  5:51  Armory  
  65  5:54  SCV  
  66  5:57  SCV, Supply Depot  
  63  6:09  Hellion x2  
  53  6:31  Hellion x2  
  53  6:32  SCV  
  53  6:35  Factory Tech Lab x2  
  49  6:41  SCV  
  49  6:43  Supply Depot  
  49  6:45  Terran Vehicle Weapons Level 1, Terran Vehicle And Ship Armor Level 1  
  50  6:47  SCV x2  
  50  6:52  Hellion  
  50  6:53  SCV  
  55  6:59  SCV x2  
  55  7:00  Cyclone x2, Mag-Field Accelerator  
  63  7:05  SCV  
  64  7:09  Infernal Pre-Igniter  
  64  7:11  SCV x2  
  64  7:12  Hellion  
  64  7:13  Hellion  
  70  7:17  SCV  
  71  7:23  SCV  
  72  7:30  SCV  
  72  7:31  Engineering Bay  
  72  7:32  Supply Depot  
  72  7:34  Orbital Command  
  72  7:35  SCV, Cyclone  
  72  7:36  Hellion, Cyclone, Refinery  
  84  7:37  Hellion  
  84  7:42  SCV, Refinery  
  85  7:48  SCV  
  86  7:54  SCV  
  86  7:55  Factory  
  86  7:56  Factory  
  87  7:59  Barracks Reactor  
  87  8:00  SCV x2  
  87  8:05  Supply Depot  
  89  8:06  SCV  
  89  8:07  Hellion x2  
  89  8:12  SCV x2  
  93  8:18  SCV  
  94  8:24  SCV x2  
  96  8:28  Supply Depot x2  
  96  8:29  Cyclone  
  96  8:30  SCV, Supply Depot, Sensor Tower  
  96  8:33  Hellion  
  96  8:34  Hellion  
  104  8:36  SCV x2  
  106  8:41  Cyclone  
  106  8:44  Factory Tech Lab  
  109  8:49  SCV x2  
  109  8:50  Terran Vehicle Weapons Level 2, Terran Vehicle And Ship Armor Level 2  
  109  8:52  SCV  
  109  8:55  Starport Reactor  
  112  9:01  SCV x2  
  114  9:03  Siege Tank x2  
  114  9:04  SCV, Hellion  
  114  9:05  Hellion  
  125  9:13  SCV  
  126  9:21  Siege Tank  
  126  9:22  SCV x2, Hellion x2  
  135  9:26  Hellion  
  135  9:35  Siege Tank  
  135  9:38  Siege Tank  
  134  9:39  Hellion  
  134  9:40  SCV x2  
  134  9:43  Hellion  
  139  9:47  Command Center  
  139  9:50  Hellion  
  141  9:58  Supply Depot x2  
  141  10:01  Supply Depot  
  141  10:10  Supply Depot  
  141  10:19  Siege Tank, Liberator x2  
  141  10:20  Hellion x2  
  154  10:25  Factory x2  
  154  10:26  Hellion, Siege Tank x2  
  154  10:27  Factory  
  157  10:39  Supply Depot  
  157  10:40  Supply Depot  
  157  10:57  Siege Tank  
  157  11:02  Liberator x2  
  157  11:03  Command Center  
  166  11:08  Terran Vehicle Weapons Level 3  
  166  11:11  Command Center  
  166  11:12  Factory Reactor, Factory Tech Lab x2  
  166  11:19  Supply Depot  
  166  11:24  Factory Tech Lab  
  166  11:32  Refinery  
  164  11:33  Sensor Tower  
  164  11:38  Refinery  
  164  11:42  Siege Tank x3  
  173  11:48  SCV x3  
  166  12:04  Siege Tank x2  
  166  12:08  Planetary Fortress  
  170  12:17  Siege Tank x2  
  171  12:31  Cyclone  
  171  12:32  Hellion x3  
  171  12:33  Hellion x3  
  171  12:36  Cyclone  
  186  12:56  Siege Tank  
  178  13:10  Planetary Fortress  
  169  13:13  Missile Turret  
  169  13:15  Siege Tank  
  169  13:18  Thor x3  
  184  13:24  Command Center  
  184  13:26  Hellion x6  
  196  13:28  Cyclone  
  165  13:47  Cyclone  
  165  13:49  Liberator x2  
  171  13:57  Hellion x4  
  171  14:00  Cyclone  
  171  14:01  Cyclone  
  185  14:09  Hellion, Cyclone x2  
  189  14:10  Hellion  
  189  14:12  Planetary Fortress  
  189  14:13  SCV  
  189  14:14  SCV  
  188  14:21  Hellion x2  
  149  14:39  Cyclone  
  149  14:42  Cyclone x3  
  149  14:43  Hellion  
  150  14:48  SCV x2  
  150  14:51  SCV x2  
  151  15:06  Terran Vehicle And Ship Armor Level 3  
  151  15:11  Refinery  
  151  15:14  Missile Turret  
  151  15:16  Refinery  
  151  15:19  Siege Tank x3  
  157  15:22  Planetary Fortress  
  156  15:28  Siege Tank x2  
  156  15:30  Hellion  
  156  15:34  Hellion  
  166  15:40  Hellion x2  
  170  15:51  Siege Tank  
  170  15:55  Missile Turret, Command Center  
  170  15:56  Siege Tank  
  176  15:57  Missile Turret, Siege Tank  
  176  15:59  Hellion x2  
  149  16:23  Hellion x2, Siege Tank x2  
  149  16:24  Hellion x4  
  167  16:30  Liberator x2  
  173  16:49  Sensor Tower  
  173  16:52  Sensor Tower  
  173  16:53  Hellion x3  
  185  17:00  Hellbat x3, Thor x3  
  200  17:07  Ghost Academy  
  200  17:09  Barracks Tech Lab  
  200  17:10  Ghost Academy  
  200  17:11  Ghost Academy, Barracks x2  
  191  17:44  Thor  
  175  18:01  Thor x3  
  175  18:02  Hellion x2  
  175  18:03  Hellion x2  
  199  18:07  Planetary Fortress  
  196  18:21  Barracks Tech Lab x2  
  196  18:24  Personal Cloaking  
  196  18:25  Nuke  
  196  18:27  Nuke  
  196  18:30  Refinery, Missile Turret  
  196  18:31  Missile Turret  
  196  18:32  Missile Turret x2  
  196  18:35  Refinery  
  196  18:42  Liberator  
  161  19:36  Thor  
  161  19:37  Thor x4  
  183  19:38  Hellion x2  
  183  19:39  Hellion, Liberator x2  
  183  19:44  Unknown x3, Hellion x3  
  200  19:50  Nuke  
  195  20:12  Unknown x3  
  193  20:21  Thor x2  
  181  20:22  Hellion  
  181  20:23  Hellion  
  185  20:41  Unknown x3  
  189  20:47  SCV  
  189  20:48  SCV  
  181  20:58  Nuke  
  181  20:59  Nuke  
  181  21:01  SCV x3  
  181  21:03  SCV x2  
  184  21:09  Unknown x2  
  184  21:10  Unknown  
  188  21:13  SCV x2  
  186  21:38  Unknown x3  
  184  21:46  Cyclone x5  
  198  21:47  Hellion, Widow Mine x2  
  190  21:59  Hellion  
  186  22:04  Command Center x2  
  186  22:06  Unknown  
  186  22:07  Unknown  
Show
View Real Time Build Order
Export as new Build Order

Graphix Zerg 

Build Orders: Hatch First 

Get SALT Encoding   

  12  0:00  Drone  
  13  0:12  Overlord  
  13  0:16  Drone  
  14  0:32  Drone x2  
  14  0:34  Drone  
  17  0:51  Hatchery  
  17  0:55  Drone  
  17  0:58  Drone  
  18  1:04  Extractor  
  17  1:14  Spawning Pool  
  17  1:16  Drone  
  17  1:19  Drone  
  18  1:29  Drone  
  19  1:40  Drone  
  20  1:49  Overlord  
  20  2:01  Queen  
  20  2:03  Zergling x2  
  20  2:04  Queen  
  20  2:05  Zergling x2  
  26  2:15  Drone x2  
  28  2:16  Metabolic Boost  
  28  2:36  Hatchery  
  26  2:50  Overlord, Drone  
  26  2:51  Drone x4  
  31  2:58  Queen  
  33  3:02  Drone  
  34  3:11  Drone  
  35  3:13  Drone x2  
  36  3:32  Overlord  
  36  3:34  Zergling x8  
  40  3:42  Overlord, Queen  
  40  3:44  Lair  
  40  3:47  Drone  
  44  3:48  Drone x3  
  44  3:51  Queen  
  48  3:58  Drone x3  
  48  3:59  Spore Crawler  
  50  4:03  Zergling x2  
  50  4:05  Spore Crawler  
  50  4:08  Overlord  
  50  4:11  Zergling x4  
  52  4:20  Queen  
  52  4:21  Zergling x6  
  57  4:25  Spore Crawler  
  56  4:32  Drone x5  
  61  4:45  Baneling Nest  
  60  4:46  Drone x4  
  60  4:48  Evolution Chamber  
  60  4:51  Drone x3  
  66  5:01  Spore Crawler  
  56  5:07  Spore Crawler  
  56  5:08  Zergling x10  
  58  5:16  Zergling x12  
  57  5:30  Drone  
  57  5:31  Drone x5  
  62  5:41  Drone x2  
  64  5:44  Zerg Melee Weapons Level 1  
  63  5:50  Drone x2  
  63  5:52  Drone  
  63  5:57  Drone  
  61  6:06  Drone x3  
  61  6:10  Drone x3  
  65  6:20  Drone  
  65  6:21  Drone x2  
  65  6:23  Drone x2  
  65  6:24  Drone  
  62  6:35  Extractor x2  
  62  6:36  Zergling x12, Evolution Chamber  
  65  6:40  Hatchery  
  65  6:42  Roach Warren  
  63  6:48  Drone x3  
  63  6:50  Overlord x2  
  66  7:04  Zerg Missile Weapons Level 1  
  66  7:06  Overlord x4  
  66  7:11  Drone x8  
  66  7:13  Drone  
  75  7:21  Centrifical Hooks  
  75  7:22  Glial Reconstitution  
  75  7:23  Overseer  
  75  7:25  Roach x3  
  75  7:26  Roach  
  75  7:28  Roach  
  85  7:32  Roach x2  
  89  7:38  Extractor  
  89  7:39  Extractor x2  
  89  7:40  Roach x3  
  91  7:47  Drone x6  
  91  7:48  Drone  
  98  7:56  Infestation Pit  
  98  7:57  Drone x5  
  102  8:21  Spine Crawler  
  102  8:24  Spine Crawler  
  101  8:27  Drone x4  
  101  8:28  Zerg Ground Armor Level 1  
  101  8:29  Drone  
  101  8:30  Drone x3  
  101  8:31  Drone x4  
  101  8:32  Overlord  
  112  8:37  Overlord x4  
  112  8:58  Roach x9  
  112  9:00  Ravager x8  
  138  9:07  Extractor x2  
  134  9:10  Zergling x4  
  134  9:13  Overlord  
  135  9:34  Drone x10  
  144  9:40  Spine Crawler  
  140  9:48  Infestor x2  
  140  9:50  Zerg Missile Weapons Level 2  
  140  9:51  Overlord  
  140  9:52  Overlord x7  
  144  10:01  Spine Crawler  
  144  10:04  Spine Crawler  
  142  10:07  Spine Crawler  
  142  10:08  Spine Crawler  
  140  10:16  Roach x11  
  140  10:17  Roach  
  140  10:19  Ravager  
  164  10:35  Roach x8  
  170  10:46  Burrow, Zerg Ground Armor Level 2  
  170  10:48  Hive  
  170  10:50  Roach x5  
  170  10:52  Hatchery  
  179  11:02  Overlord  
  179  11:03  Overlord x2  
  179  11:05  Zergling x12  
  179  11:06  Hatchery  
  179  11:09  Overseer  
  183  11:34  Spore Crawler  
  183  11:35  Spire  
  183  11:36  Spore Crawler  
  183  11:39  Spore Crawler  
  179  11:47  Spine Crawler  
  178  11:55  Roach x12  
  190  12:14  Spore Crawler  
  188  12:27  Spore Crawler x2, Drone x8  
  190  12:31  Viper x4  
  198  12:40  Zerg Missile Weapons Level 3  
  198  12:57  Hatchery  
  181  13:18  Zerg Ground Armor Level 3, Roach x3  
  181  13:19  Roach x12  
  199  13:26  Greater Spire  
  175  13:38  Roach x6  
  175  13:39  Roach x10  
  178  13:53  Ravager x3  
  178  13:54  Roach x9  
  199  13:56  Ravager  
  193  14:08  Roach  
  193  14:09  Roach x9  
  198  14:15  Roach  
  198  14:16  Roach  
  193  14:29  Roach x8  
  182  14:36  Roach x3  
  147  14:48  Drone  
  147  14:49  Drone x7  
  155  14:55  Drone  
  155  14:56  Drone x4  
  155  14:59  Drone  
  161  15:11  Drone x8  
  161  15:12  Drone  
  166  15:36  Corruptor x6  
  166  15:42  Spine Crawler x2  
  176  15:58  Extractor  
  154  16:27  Viper x3  
  162  16:38  Drone x12  
  162  16:39  Drone x13  
  187  16:48  Spine Crawler  
  187  16:49  Spore Crawler  
  187  16:51  Spine Crawler, Spore Crawler  
  183  16:56  Roach x17  
  183  16:58  Hatchery  
  183  16:59  Ravager x3  
  183  17:00  Ravager  
  186  17:09  Brood Lord x3  
  186  17:10  Brood Lord  
  192  17:24  Spore Crawler  
  190  17:32  Spore Crawler  
  190  17:33  Spore Crawler  
  190  17:34  Spine Crawler  
  180  17:43  Corruptor x6  
  181  18:05  Corruptor x4  
  176  18:09  Drone x3  
  176  18:10  Drone  
  187  18:37  Brood Lord x3  
  187  18:39  Brood Lord  
  195  18:43  Brood Lord x2  
  199  18:50  Brood Lord  
  183  19:14  Corruptor  
  183  19:15  Corruptor x7  
  182  20:23  Zergling x32  
  198  20:43  Overseer  
  198  20:44  Overseer  
  198  20:48  Overseer  
  195  21:21  Spore Crawler  
  195  21:22  Spine Crawler  
  195  21:24  Spine Crawler  
  184  21:27  Overseer x2  
  174  21:43  Roach x15  
  148  21:59  Roach x5  
  137  22:02  Roach x10  
  157  22:10  Roach x5  
  157  22:13  Ravager x2  
  157  22:14  Ravager x5  
  174  22:16  Overlord  
  174  22:17  Overlord x3  
Tags
 
Add a new tag
Caveats
  • Supply blocks, unpowered buildings, or Contaminate may cause inaccurate times.
  • Supply counts are checked every 10 seconds.